 Dungeon Crawl Stone Soup version 0.28-a0-1382-g92835e5c71 (webtiles) character file.

Game seed: 7457729027069217293

65 enile the Changer (level 4, -5/35 HPs)
             Began as a Formicid Wanderer on Jan 2, 2022.
             Was a Follower of Elyvilon.
             Slain by a gnoll (7 damage)
             ... on level 2 of the Dungeon.
             The game lasted 00:02:22 (1513 turns).

enile the Changer (Formicid Wanderer)               Turns: 1513, Time: 00:02:22

Health: -5/35      AC:  3    Str: 16    XL:     4   Next: 35%
Magic:  4/5        EV: 11    Int: 14    God:    Elyvilon [*.....]
Gold:   47         SH:  0    Dex: 10    Spells: 4/5 levels left

rFire   . . .      SeeInvis +   h - +0 war axe
rCold   . . .      Faith    .   (no shield)
rNeg    . . .      Spirit   .   b - +0 robe
rPois   .          Reflect  .   (helmet unavailable)
rElec   .          Harm     .   (no cloak)
rCorr   .          Rampage  .   (no gloves)
Will    .....                   c - +0 pair of boots
Stlth   +.........              (no amulet)
HPRegen 0.11/turn               (no ring)
MPRegen 0.09/turn               (no ring)

@: no status effects
A: permanent stasis, dig shafts and tunnels, antennae 3, four strong arms
a: Dig, Shaft Self, Renounce Religion, Purification


You were on level 2 of the Dungeon.
You worshipped Elyvilon.
Elyvilon was aware of your devotion.
You visited 1 branch of the dungeon, and saw 3 of its levels.

You collected 47 gold pieces.

Inventory:

Hand Weapons
 a - a +0 club
 h - a +0 war axe (weapon)
Armour
 b - a +0 robe (worn)
 c - a +0 pair of boots (worn)
Scrolls
 e - 2 scrolls of vulnerability {unknown}
 g - 2 scrolls of identify {unknown}
 j - a scroll of brand weapon {unknown}
Potions
 d - a potion of brilliance {unknown}
 f - a potion of degeneration {unknown}
 i - a potion of lignification {unknown}


   Skills:
 + Level 3.1 Fighting
 - Level 2.0 Axes
 - Level 1.0 Dodging
 - Level 1.1 Spellcasting
 - Level 3.2 Transmutations
 - Level 1.3 Poison Magic
 - Level 2.2 Invocations
 - Level 2.2 Evocations


You had 4 spell levels left.
You knew the following spells:

 Your Spells              Type           Power      Damage    Failure   Level
a - Sting                 Tmut/Pois      28%        1d4       10%         1

Your spell library contained the following spells:

 Spells                   Type           Power      Damage    Failure   Level
 Beastly Appendage        Tmut           18%        N/A       7%          1
 Mephitic Cloud           Conj/Pois/Air  2%         N/A       54%         3
 Ice Form                 Ice/Tmut       5%         N/A       78%         4


Dungeon Overview and Level Annotations

Branches:
Dungeon (3/15)

Altars:
Elyvilon


Innate Abilities, Weirdness & Mutations

You cannot be hasted, slowed, berserked, paralysed or teleported.
You can dig through walls and to a lower floor.
You have a pair of large antennae on your head. (SInv)
Your four strong arms can wield two-handed weapons with a shield.


Message History

No target in view!
No target in view!
No target in view!
No target in view!
You sense a monster nearby.
You see here a jackal corpse.
A gnoll comes into view.
It is wielding the +4 trident of Honour {distort, *Rage rElec Str+3}. 2 gnolls come into view.
A gnoll is wielding the +4 trident of Honour {distort, *Rage rElec Str+3}.
Found a club.
The gnoll shouts!
The gnoll shouts!
You hear a shout!
The gnoll hits you from afar with the +4 trident of Honour {distort, *Rage rElec Str+3}!
Casting: Sting (safe; 10% risk of failure)
Confirm with . or Enter, or press ? or * to list all spells.
Aiming: Sting (safe; 10% risk of failure)
Press: ? - help, Shift-Dir - straight line, f - gnoll
Aim: a gnoll, wielding the +4 trident of Honour {distort, *Rage rElec Str+3} (72% to hit)
The sting misses the gnoll.
The gnoll barely misses you.
You see here a jackal corpse.
Casting: Sting (safe; 10% risk of failure)
Confirm with . or Enter, or press ? or * to list all spells.
Aiming: Sting (safe; 10% risk of failure)
Press: ? - help, Shift-Dir - straight line, f/p - gnoll
Aim: a gnoll, wielding the +4 trident of Honour {distort, *Rage rElec Str+3} (72% to hit)
The sting hits the gnoll but does no damage.
The gnoll is poisoned.
The gnoll hits you from afar with the +4 trident of Honour {distort, *Rage rElec Str+3}.
Space warps horribly around you!!
Ouch! That really hurt!
* * * LOW HITPOINT WARNING * * *
A gnoll comes into view. It is wielding a +0 spear.
The gnoll goes berserk!
The gnoll completely misses you.
Okay, then.
The gnoll rages.
The gnoll closely misses you.
The gnoll rages.
The gnoll looks more healthy.
The gnoll barely misses you.
The gnoll hits you from afar with the +4 trident of Honour {distort, *Rage rElec Str+3}!
You die...

#.##.##.###.###.#
...##.........# #..#
#.#####......#### #..#
# #####..# #..#
#.#########..########
#..#
#.#.......#..........
#..#
#.........#.#########
#..########.......#>#
##..##..g..gg.@......#
#....†.#####.......###
#.###### #.......# #.#
#.......# #g#
####.#### ).. #.# #..
... #.## ...## #..
#####


You could see 3 gnolls.

Vanquished Creatures
  Natasha (D:2)
  An adder (D:2)
  A dart slug (D:1)
  4 endoplasms
  2 goblins (D:1)
  2 hobgoblins
  6 jackals (D:2)
  2 quokkas (D:1)
  3 ball pythons
  A bat (D:2)
  3 frilled lizards
  A kobold (D:1)
  2 rats (D:1)
29 creatures vanquished.

Vanquished Creatures (others)
  2 fungi (D:2)
2 creatures vanquished.

Grand Total: 31 creatures vanquished

Notes
Turn   | Place    | Note
-------+----------+-------------------------------------------
     0 | D:1      | enile the Formicid Wanderer began the quest for the Orb.
     0 | D:1      | enile set off with the following items: a +0 club, a +0
                  | robe, a +0 pair of boots; and the following spells
                  | available to memorise: Beastly Appendage, Sting, Mephitic
                  | Cloud, Ice Form
     0 | D:1      | Reached XP level 1. HP: 13/13 MP: 2/2
     2 | D:1      | Learned a level 1 spell: Sting
   207 | D:1      | Reached skill level 1 in Fighting
   263 | D:1      | Reached XP level 2. HP: 19/21 MP: 1/3
   815 | D:1      | Found a faded altar of an unknown god.
   870 | D:1      | Prayed at the altar of an unknown god.
   870 | D:1      | Became a worshipper of Elyvilon the Healer
   870 | D:1      | Reached * piety under Elyvilon
   920 | D:2      | Reached skill level 1 in Axes
   980 | D:2      | Reached XP level 3. HP: 20/28 MP: 4/4
  1165 | D:2      | Noticed Natasha
  1326 | D:2      | Killed Natasha
  1327 | D:2      | Reached XP level 4. HP: 24/35 MP: 3/5
  1496 | D:2      | Identified the +4 trident of Honour {distort, *Rage rElec
                  | Str+3}
  1504 | D:2      | HP: 1/35 [gnoll (18)]
  1513 | D:2      | Slain by a gnoll

Illustrated notes

Levels and vault maps discovered:
D:1:      dpeg_arrival_solitude, layout_basic,
          shapermc_ecumenical_altar_starsandcircs
D:2:      layout_loops_ring, uniq_natasha, uniq_crazy_yiuf_cottage, uniq_terence
D:3:      layout_basic, minmay_misc_feat_x

Skill      XL: |  1  2  3  4 |
---------------+-------------+-----
Fighting       | 1 2 3 |  3.1
Axes           | 1 2 |  2.0
Dodging        | |  1.0
Spellcasting   | |  1.1
Transmutations | |  3.2
Poison Magic   | |  1.3
Invocations    | |  2.2
Evocations     | |  2.2

Action                   |  1- 3 |  4- 6 || total
-------------------------+-------+-------++-------
Melee: Club              |    13 |       ||    13
       War axe           |    39 |    11 ||    50
 Cast: Sting             |     9 |     2 ||    11
 Stab: Sleeping          |     1 |       ||     1
Armor: Robe              |    22 |     2 ||    24
Dodge: Dodged            |    44 |    11 ||    55

Table legend: (Time is in decaauts)
 A = Elapsed time spent in this place.
 B = Non-inter-level travel time spent in this place.
 C = Inter-level travel time spent in this place.
 D = Time resting spent in this place.
 E = Time spent auto-exploring this place.
 F = Levels seen in this place.
 G = Mean time per level.
                   A        B        C        D        E       F      G
               +--------+--------+--------+--------+--------+-----+--------+
         Total |   1539 |   1490 |     49 |    149 |   1136 |   3 |  513.0 |
       Dungeon |   1539 |   1490 |     49 |    149 |   1136 |   3 |  513.0 |
               +--------+--------+--------+--------+--------+-----+--------+

Top non-repeatable levels by time:
     D:1: 924 daAuts
     D:2: 464 daAuts
     D:3: 150 daAuts
